 Dungeon Crawl Stone Soup version 0.26.1-2-gb8aa6d0cf2 (webtiles) character file.

Game seed: 4325779667959295635

21469 hawla the Destroyer (level 12, -3/83 HPs)
             Began as a Red Draconian Conjurer on Feb 9, 2021.
             Was a Priest of Ashenzari.
             Slain by an orc knight
             ... wielding the cursed +0 glaive of Currency {vorpal, *Rage Int+7}
              (5 damage)
             ... on level 10 of the Dungeon on Feb 10, 2021.
             The game lasted 00:46:53 (17265 turns).

hawla the Destroyer (Red Draconian Conjurer)       Turns: 17265, Time: 00:46:55

Health: -3/83      AC: 16    Str: 10    XL:     12   Next: 54%
Magic:  15/35      EV: 13    Int: 29    God:    Ashenzari [***...]
Gold:   577        SH:  5    Dex: 10    Spells: 14/31 levels left

rFire    + . .     SeeInvis +   M - staff of earth
rCold    + + .     Faith    .   u - +0 buckler (curse)
rNeg     . . .     Spirit   .   (armour unavailable)
rPois    +         Reflect  .   J - +1 hat
rElec    .         Harm     .   C - +2 cloak
rCorr    .         Rampage  .   d - +0 pair of gloves
Will     .....                  m - +2 pair of boots
Stlth    ++........             P - amulet of regeneration
HPRegen  0.63/turn              n - ring "Zap Kuur" {rPois rC++ Will- Int+6 Slay+3} (curse)
MPRegen  0.24/turn              r - ring of magical power (curse)

@: mighty
A: breathe fire, unfitting armour, fire resistance 1, cold-blooded, AC +8
a: Breathe Fire, Renounce Religion, Curse Item, Scrying


You were on level 10 of the Dungeon.
You worshipped Ashenzari.
Ashenzari was most pleased with you.
You visited 2 branches of the dungeon, and saw 15 of its levels.

You collected 876 gold pieces.
You spent 299 gold pieces at shops.

Inventory:

Hand Weapons
 e - a +4 dagger of venom
 B - a +2 whip of distortion
 O - a +1 demon trident of electrocution
Missiles
 i - 2 throwing nets
 t - 17 boomerangs
 w - 43 poisoned darts (quivered)
 D - a silver boomerang
 N - 3 javelins
Armour
 d - a +0 pair of gloves (worn)
 m - a +2 pair of boots (worn)
 u - a cursed +0 buckler (worn)
 C - a +2 cloak (worn)
 J - a +1 hat (worn)
 Q - the cursed +0 buckler of Amorality {rPois MP-9 Dex+4}
   (You found it on level 13 of the Dungeon)

   It affects your dexterity (+4).
   It protects you from poison.
   It affects your magic capacity (-9).
   It has a curse placed upon it.
Magical Staves
 M - an uncursed staff of earth (weapon)
Jewellery
 a - an uncursed ring of protection from cold
 k - an uncursed ring of poison resistance
 n - the cursed ring "Zap Kuur" (left hand) {rPois rC++ Will- Int+6 Slay+3}
   (You acquired it on level 11 of the Dungeon)

   [ring of intelligence]

   It affects your intelligence (+6).
   It affects your accuracy and damage with ranged weapons and melee attacks
   (+3).
   It greatly protects you from cold.
   It protects you from poison.
   It affects your willpower, your defense against some magical effects.
   It has a curse placed upon it.
 p - an uncursed ring of willpower
 r - a cursed ring of magical power (right hand)
 z - an uncursed ring of flight
 P - an amulet of regeneration (around neck)
 T - a +6 ring of dexterity
Wands
 j - a wand of flame (20)
 s - a wand of paralysis (11)
 y - a wand of iceblast (8)
 L - a wand of enslavement (10)
 S - a wand of digging (6)
Scrolls
 f - a scroll of teleportation
 h - 8 scrolls of remove curse
 v - a scroll of identify
 x - a scroll of magic mapping
 A - a scroll of enchant weapon
 H - 3 scrolls of fog
 I - 2 scrolls of amnesia
Potions
 b - 3 potions of curing
 c - 4 potions of flight
 g - a potion of haste
 l - a potion of might
 o - 3 potions of mutation {unknown}
 q - 4 potions of brilliance
 E - a potion of berserk rage
 F - a potion of magic {unknown}
 G - a potion of ambrosia {unknown}
Miscellaneous
 K - a condenser vane
 R - a lightning rod (4/4)


   Skills:
 - Level 1.0 Fighting
 + Level 5.3 Staves
 - Level 1.0 Throwing
 + Level 3.2 Dodging
 - Level 2.0 Stealth
 - Level 4.0(5.7) Shields
 + Level 10.3 Spellcasting
 + Level 12.1(13.7) Conjurations
 - Level 5.0(6.8) Translocations
 + Level 12.0(13.6) Fire Magic
 - Level 1.0(2.1) Evocations


You had 14 spell levels left.
You knew the following spells:

 Your Spells              Type           Power        Failure   Level
a - Magic Dart            Conj           100%         0%          1
b - Searing Ray           Conj           100%         1%          2
c - Iskenderun's Mystic   Conj/Tloc      65%          1%          4
d - Blink                 Tloc           N/A          1%          2
e - Conjure Flame         Conj/Fire      76%          1%          3
f - Fireball              Conj/Fire      38%          1%          5

Your spell library contained the following spells:

 Spells                   Type           Power        Failure   Level
 Foxfire                  Conj/Fire      100%         0%          1
 Dazzling Flash           Conj/Hex       100%         1%          3
 Inner Flame              Hex/Fire       53%          1%          3
 Mephitic Cloud           Conj/Pois/Air  42%          1%          3
 Fulminant Prism          Conj/Hex       26%          1%          4
 Sticky Flame             Conj/Fire      76%          1%          4
 Call Imp                 Summ           16%          4%          2
 Poisonous Vapours        Pois/Air       32%          4%          2
 Slow                     Hex            16%          4%          2
 Freezing Cloud           Conj/Ice/Air   21%          63%         6


Dungeon Overview and Level Annotations

Branches:
Dungeon (14/15)            Temple (1/1) D:6            Lair (0/6) D:10
    Orc (0/2) D:11
 Vaults: D:13-14

Altars:
Ashenzari
Cheibriados
Dithmenos
Elyvilon
Fedhas
Gozag
Hepliaklqana
Kikubaaqudgha
Makhleb
Nemelex Xobeh
Okawaru
Qazlal
Ru
Sif Muna
Trog
Uskayaw
Vehumet
Wu Jian
Xom
Yredelemnul
Zin
The Shining One

Shops:
D:12 [(**(

Annotations:
D:10 1 transporter, swilekon's ghost, novice OpFE
D:12 2 transporters, Zdeegee's ghost, journeyman FoFi


Innate Abilities, Weirdness & Mutations

You can breathe blasts of fire.
Your fiery red scales are hard. (AC +8)
You cannot fit into any form of body armour.
Your flesh is heat resistant. (rF+)
You are cold-blooded and may be slowed by cold attacks.


Message History

The orc knight is heavily wounded.
The orc knight is knocked back by the mystic blast.
The orc knight slams into the rock wall!
The mystic blast hits the troll!!
You kill the troll!
The troll rages.
The orc knight hits you with the cursed +0 glaive of Currency {vorpal, *Rage Int+7}!
It was a potion of might.
You feel very mighty all of a sudden. The troll bites you!
The troll claws you but does no damage. The troll claws you.
The orc knight hits you with the cursed +0 glaive of Currency {vorpal, *Rage Int+7}!!!
Ouch! That really hurt!
* * * LOW HITPOINT WARNING * * *
x2 You feel much better.
The troll bites you!
* * * LOW HITPOINT WARNING * * *
The troll closely misses you. x2
The orc knight hits you with the cursed +0 glaive of Currency {vorpal, *Rage Int+7}!
* * * LOW HITPOINT WARNING * * *
You die...

##.###### ##..# # ###.......###
##.# # ##...#####...## #.## #
#..###...###..# #..# ### ##
##.### #....##.####'########..
.###..#.#* #....#.....[...#......
.....##.##≈#..OW##........#.###..
##...#....)..O.Ty#........'.# #..
#..©#O...[_.##o@#©.......### #..
##..#..##... #..#..####### #..
##.##.#≈#W###.##.## ###
#..#####{#..##..#
##.###.#{...##.## #..###QO.###..#
##...#####...## ###.......###
#########


You could see an orc knight (berserk), 2 two-headed ogres, a moth of wrath, a
troll (berserk) and swilekon's ghost.

Vanquished Creatures
  A sphinx (D:13)
  A death knight (D:12)
  2 centaur warriors (D:13)
  2 tengu warriors
  Urug (D:12)
  A wizard (D:13)
  2 manticores
  An ugly thing (D:13)
  A gargoyle (D:13)
  3 centaur skeletons
  Maggie (D:10)
  A yaktaur (D:13)
  3 trolls
  A hornet (D:8)
  4 slime creatures
  A tarantella (shapeshifter) (D:13)
  Eustachio (D:5)
  9 yaks
  A wyvern (D:9)
  A wraith (D:12)
  2 steam dragons (D:11)
  2 basilisks
  4 vampire mosquitoes (D:13)
  Menkaure (D:4)
  2 soldier ants
  A hornet zombie (D:13)
  5 orc warriors
  A black bear (D:7)
  9 ice beasts
  2 phantoms
  4 sky beasts
  6 ogres
  10 centaurs
  2 big kobolds
  8 bullfrogs
  A gnoll sergeant (D:7)
  3 scorpions
  11 killer bees
  6 wights
  4 howler monkeys
  A crimson imp (D:4)
  5 centaur zombies
  3 bullfrog zombies
  A bullfrog skeleton (D:13)
  4 hounds
  4 jellies
  7 orc priests
  10 orc wizards
  5 iguanas
  13 worker ants
  A hound zombie (D:5)
  A hound skeleton (D:11)
  A worker ant zombie (D:9)
  10 adders
  20 gnolls
  A howler monkey skeleton (D:8)
  2 shadow imps (D:6)
  2 white imps
  3 ufetubi
  An ooze (D:2)
  An adder skeleton (D:9)
  3 worms (D:2)
  2 dart slugs (D:1)
  10 leopard geckos
  44 orcs
  4 ball pythons
  6 bats
  7 giant cockroaches
  5 goblins
  2 hobgoblins
  5 jackals
  A quokka (D:9)
  4 frilled lizards
  15 kobolds
  A leopard gecko skeleton (D:6)
  A quokka skeleton (D:6)
  6 rats
334 creatures vanquished.

Vanquished Creatures (others)
  A fungus (D:8)
  7 plants
8 creatures vanquished.

Grand Total: 342 creatures vanquished

Notes
Turn   | Place    | Note
-------+----------+-------------------------------------------
     0 | D:1      | hawla the Draconian Conjurer began the quest for the Orb.
     0 | D:1      | Reached XP level 1. HP: 14/14 MP: 3/3
   210 | D:1      | Reached XP level 2. HP: 20/20 MP: 1/5
   417 | D:1      | Learned a level 2 spell: Searing Ray
   903 | D:1      | Reached XP level 3. HP: 27/27 MP: 4/6
  2208 | D:3      | Reached XP level 4. HP: 29/34 MP: 1/7
  2213 | D:3      | Learned a level 4 spell: Iskenderun's Mystic Blast
  3075 | D:4      | Noticed Menkaure
  3080 | D:4      | Killed Menkaure
  3081 | D:4      | Reached skill level 1 in Fighting
  3081 | D:4      | Reached skill level 1 in Staves
  3081 | D:4      | Reached skill level 1 in Throwing
  3081 | D:4      | Reached skill level 1 in Shields
  3081 | D:4      | Reached skill level 5 in Conjurations
  3081 | D:4      | Reached skill level 1 in Translocations
  3081 | D:4      | Reached skill level 1 in Evocations
  3081 | D:4      | Reached XP level 5. HP: 21/40 MP: 0/9
  3248 | D:4      | Found a broken altar of Ashenzari.
  3251 | D:4      | Became a worshipper of Ashenzari the Shackled
  3273 | D:4      | Reached XP level 6. HP: 20/47 MP: 1/10
  3667 | D:4      | Found an opulent altar of Gozag.
  3775 | D:4      | Found Juzuruc's Antique Weapon Boutique.
  3853 | D:4      | Found a burning altar of Makhleb.
  4223 | D:5      | Entered Level 5 of the Dungeon
  4340 | D:5      | Noticed Eustachio
  4357 | D:5      | Killed Eustachio
  4358 | D:5      | Your scales start taking on a fiery red colour.
  4358 | D:5      | Reached XP level 7. HP: 52/52 MP: 4/12
  4358 | D:5      | Gained mutation: Your flesh is heat resistant. (rF+) [Red
                  | Draconian growth]
  4598 | D:5      | Reached skill level 1 in Fire Magic
  5525 | D:6      | Found an ancient bone altar of Kikubaaqudgha.
  5566 | D:6      | Reached XP level 8. HP: 41/59 MP: 3/14
  5866 | D:6      | Reached * piety under Ashenzari
  5872 | D:6      | Found a staircase to the Ecumenical Temple.
  5890 | Temple   | Entered the Ecumenical Temple
  6451 | D:6      | Found a white marble altar of Elyvilon.
  6470 | D:6      | Found a sparkling altar of Nemelex Xobeh.
  6673 | D:6      | Reached skill level 5 in Translocations
  6981 | D:7      | Found a hide-covered altar of Uskayaw.
  6981 | D:7      | Noticed a +0 dagger
  6981 | D:7      | Noticed a +0 dagger
  7151 | D:7      | Reached skill level 5 in Spellcasting
  7593 | D:7      | Found a glowing silver altar of Zin.
  7596 | D:7      | Found a shadowy altar of Dithmenos.
  7689 | D:7      | Found a glowing golden altar of the Shining One.
  7723 | D:7      | Reached XP level 9. HP: 64/64 MP: 16/16
  7945 | D:8      | Reached skill level 5 in Fire Magic
  8419 | D:8      | Found a burning altar of Makhleb.
  8951 | D:8      | Found a sacrificial altar of Ru.
  9136 | D:9      | Reached ** piety under Ashenzari
  9179 | D:9      | Noticed a troll
  9206 | D:9      | Killed a troll
 10024 | D:9      | Reached XP level 10. HP: 40/71 MP: 10/20
 10562 | D:10     | Entered Level 10 of the Dungeon
 10827 | D:10     | Learned a level 2 spell: Blink
 10831 | D:10     | Learned a level 3 spell: Conjure Flame
 10856 | D:10     | Noticed Maggie
 10868 | D:10     | Killed Maggie
 10974 | D:10     | Identified the cursed +0 glaive of Currency {vorpal, *Rage
                  | Int+7}
 10974 | D:10     | Noticed an orc knight
 10974 | D:10     | Noticed a moth of wrath
 10974 | D:10     | Noticed a two-headed ogre
 10975 | D:10     | Noticed a two-headed ogre
 10986 | D:10     | Found a transporter.
 10987 | D:10     | Found a bloodstained altar of Trog.
 10987 | D:10     | Identified the +5 quarterstaff of the Evil Eye {antimagic,
                  | +Blink rPois rN+ Str-2}
 10987 | D:10     | Noticed a tengu warrior
 10989 | D:10     | Noticed swilekon's ghost (novice OpFE)
 10994 | D:10     | Found a transporter.
 11073 | D:10     | Found a staircase to the Lair.
 11830 | D:11     | Identified a scroll of acquirement
 11830 | D:11     | Acquired the cursed ring "Zap Kuur" {rPois rC++ Will- Int+6
                  | Slay+3}
 11939 | D:11     | Reached skill level 10 in Conjurations
 12703 | D:11     | Noticed a manticore
 12715 | D:11     | Killed a manticore
 12877 | D:11     | Reached XP level 11. HP: 63/77 MP: 11/23
 13283 | D:11     | Found a staircase to the Orcish Mines.
 13665 | D:12     | Found Xaism's Assorted Antiques.
 13665 | D:12     | Reached *** piety under Ashenzari
 13665 | D:12     | Noticed a death knight
 13675 | D:11     | Learned a level 5 spell: Fireball
 14070 | D:12     | Found a transporter.
 14070 | D:12     | Noticed Zdeegee's ghost (journeyman FoFi)
 14073 | D:12     | Noticed a phantasmal warrior
 14081 | D:12     | Found a transporter.
 14265 | D:12     | Reached skill level 10 in Fire Magic
 14382 | D:12     | Killed a death knight
 14382 | D:12     | Noticed Urug
 14466 | D:12     | Found Utwaybbi's Weapon Boutique.
 14485 | D:12     | Killed Urug
 14488 | D:12     | Found Ovog's Antique Weapon Boutique.
 15161 | D:12     | Bought a runed platinum amulet for 155 gold pieces
 15189 | D:12     | Found Peakemar's Armour Emporium.
 15266 | D:12     | Found Omotom's General Store.
 15274 | D:12     | Bought a scroll of identify for 32 gold pieces
 15274 | D:12     | Bought a potion of brilliance for 64 gold pieces
 15274 | D:12     | Bought a scroll of remove curse for 48 gold pieces
 15937 | D:13     | Noticed a centaur warrior
 15955 | D:13     | Identified the cursed +0 buckler of Amorality {rPois MP-9
                  | Dex+4}
 16122 | D:13     | Noticed a wizard
 16125 | D:13     | Killed a wizard
 16130 | D:13     | Noticed a tengu warrior
 16134 | D:13     | Killed a tengu warrior
 16136 | D:13     | Noticed a centaur warrior
 16241 | D:13     | Killed a centaur warrior
 16242 | D:13     | Reached XP level 12. HP: 60/83 MP: 19/25
 16468 | D:13     | Killed a centaur warrior
 16475 | D:13     | Noticed a sphinx
 16527 | D:14     | Reached skill level 10 in Spellcasting
 16589 | D:13     | Killed a sphinx
 16762 | D:13     | Noticed an ettin
 16777 | D:13     | Noticed a yaktaur captain
 16968 | D:13     | Reached skill level 5 in Staves
 17261 | D:10     | Killed a tengu warrior
 17265 | D:10     | HP: 2/83 [orc knight/the cursed +0 glaive of Currency
                  | {vorpal, *Rage Int+7} (16)]
 17265 | D:10     | Slain by an orc knight

Illustrated notes

Levels and vault maps discovered:
D:1:      minmay_arrival_glassed_features, layout_loops_cross
D:2:      layout_basic
D:3:      layout_basic, minmay_misc_feat_more_columns,
          chequers_serial_rivers_micro_a
D:4:      layout_loops_ring, makhleb_grotto_becter, kennysheep_mini,
          grunt_gozag_statues, serial_shops, nicolae_shop_statue_plus,
          uniq_menkaure
D:5:      layout_basic, kennysheep_decorative_pillar, uniq_eustachio
D:6:      layout_basic, elyvilon_altar_1, old_standard_altar,
          minmay_temple_entry_hall, kennysheep_nub, lemuel_statue_altar
D:7:      layout_cave_pools, dancing_weapons_uskayaw, tso_oasis_becter,
          minitemple
D:8:      layout_loops_ring, nicolae_ru_the_path_less_chosen, basic_altar
D:9:      layout_long_grid
D:10:     layout_roguey, lair_entry_dummy, gammafunk_ghost_wrathful_warriors,
          uniq_maggie
D:11:     layout_gridville, orc_david_3, minmay_misc_feat_secret_circle,
          hangedman_misty_isle
D:12:     layout_cave_pools, gammafunk_ghost_arena, serial_shops,
          nicolae_shop_window_shopping, shop_fountains, shop, shop,
          nicolae_shop_behind_doors, uniq_urug
D:13:     minmay_octo_star, layout_basic
D:14:     layout_rooms, david_vaults_5, amcnicky_mini_pool_small,
          kennysheep_just_a_vault, uniq_snorg, uniq_agnes, uniq_rupert
Temple:   minmay_temple_forest_path

Skill      XL: |  1  2  3  4  5  6  7  8  9 10 11 12 |
---------------+-------------------------------------+-----
Stealth        | 2 |  2.0
Dodging        | 2 3 |  3.2
Fighting       | 1 |  1.0
Staves         | 1 3 5 |  5.3
Throwing       | 1 |  1.0
Shields        | 1 3 4 |  4.0
Spellcasting   | 3 4 5 6 8 9 10 | 10.3
Conjurations   | 5 6 7 9 10 11 12 | 12.1
Translocations | 1 2 3 4 5 |  5.0
Evocations     | 1 |  1.0
Fire Magic     | 2 4 7 9 11 12 | 12.0

Action                   |  1- 3 |  4- 6 |  7- 9 | 10-12 || total
-------------------------+-------+-------+-------+-------++-------
Melee: Unarmed           |    16 |       |       |       ||    16
       Dagger            |    38 |    49 |   177 |    90 ||   354
       Tailslap          |     6 |     9 |    12 |    11 ||    38
       Staff             |       |       |       |    19 ||    19
Throw: Dart              |       |       |     1 |       ||     1
 Cast: Magic Dart        |    37 |    12 |    46 |    45 ||   140
       Searing Ray       |     7 |    11 |    56 |    83 ||   157
       Iskenderun's Myst |       |     1 |    28 |    91 ||   120
       Fireball          |       |       |       |    37 ||    37
       Conjure Flame     |       |       |       |     2 ||     2
Invok: Curse Item        |       |       |       |     1 ||     1
  Use: Scroll            |     7 |     4 |     4 |    12 ||    27
       Potion            |       |     1 |     2 |     5 ||     8
 Stab: Sleeping          |     1 |     5 |       |       ||     6
Armor: Skin              |    17 |    22 |    85 |   105 ||   229
Dodge: Dodged            |    24 |    30 |   145 |   135 ||   334
Block: Buckler           |       |       |    40 |    57 ||    97
